 Dungeon Crawl Stone Soup version 0.23.0-2-g0fe3ce5 (webtiles) character file.

Game seed: 12013052417151167344

2 MalarOregon the Caller (level 1, 0/13 HPs)
             Began as a Merfolk Summoner on Feb 19, 2019.
             Slain by a rat (3 damage)
             ... on level 1 of the Dungeon.
             The game lasted 00:00:21 (77 turns).

MalarOregon the Caller (Merfolk Summoner)             Turns: 77, Time: 00:00:21

Health: 0/13       AC:  2    Str:  8    XL:     1   Next: 40%
Magic:  0/3        EV: 13    Int: 14    God:
Gold:   19         SH:  0    Dex: 14    Spells: 3/4 levels left

rFire    . . .     SeeInvis .   (no weapon)
rCold    . . .     Gourm    .   (no shield)
rNeg     . . .     Faith    .   a - +0 robe
rPois    .         Spirit   .   (no helmet)
rElec    .         Reflect  .   (no cloak)
rCorr    .         Harm     .   (no gloves)
MR       .....                  (no boots)
Stlth    ++........             (no amulet)
HPRegen  0.04/turn              (no ring)
MPRegen  0.08/turn              (no ring)

@: no status effects
A: change form in water, swift swim, stealthy swim
a: no special abilities


You were on level 1 of the Dungeon.
You were not hungry.

You visited 1 branch of the dungeon, and saw 1 of its levels.

You collected 19 gold pieces.

Inventory:

Armour
 a - a +0 robe (worn)
Comestibles
 b - 2 chunks of flesh
 e - a ration {!d}


   Skills:
 + Level 0.2 Fighting
 + Level 2.8 Dodging
 - Level 2.1 Stealth
 + Level 2.0 Spellcasting
 + Level 4.0 Summonings


You had 3 spell levels left.
You knew the following spells:

 Your Spells              Type           Power        Failure   Level  Hunger
a - Summon Small Mammal   Summ           ##..         4%          1    ##.....

Your spell library contained the following spells:

 Spells                   Type           Power        Failure   Level  Hunger
 Call Imp                 Summ           ##......     7%          2    ###....
 Call Canine Familiar     Summ           ##......     14%         3    ####...
 Summon Guardian Golem    Hex/Summ       #.......     30%         3    ####...
 Summon Ice Beast         Ice/Summ       #.......     71%         4    #####..
 Summon Lightning Spire   Summ/Air       #.......     71%         4    #####..


Dungeon Overview and Level Annotations

Branches:
Dungeon (1/15)

Altars:


Message History

Found 9 gold pieces.
A rat is nearby!
A rat is nearby!
A goblin comes into view.
You see here 10 gold pieces.
The rat closely misses you.
You hit the rat.
You kill the rat!
You swap places.
The helpless goblin fails to defend itself.
You hit the goblin.
Your quokka barely misses the goblin.
Your quokka misses the goblin. The goblin hits you.
You closely miss the goblin.
Your quokka barely misses the goblin.
The goblin barely misses you.
You hit the goblin.
Your quokka bites the goblin.
The goblin dies!
No target in view!
You now have 10 gold pieces.
You butcher the rat corpse.
b - 2 chunks of flesh (gained 1)
You see here a rat skeleton. x2
Your quokka disappears in a puff of smoke!
You now have 19 gold pieces (gained 9).
A rat comes into view.
A rat is nearby!
A rat is nearby!
A kobold comes into view.
The kobold shouts!
Found a stone staircase leading down.
The kobold misses you. The rat bites you.
You hit the kobold. The kobold barely misses you. The rat barely misses you.
The kobold barely misses you. The rat bites you. The kobold barely misses you.
The rat barely misses you.
Your rat bites the rat.
You hit the kobold but do no damage. The kobold barely misses you.
The rat misses you.
Your rat barely misses the rat.
Your rat completely misses the kobold.
You hit the kobold but do no damage. The kobold hits you.
* * * LOW HITPOINT WARNING * * *
The rat barely misses you.
Your rat misses the rat.
Your rat bites the kobold but does no damage.
The kobold barely misses you. The rat closely misses you.
Your rat closely misses the rat.
Your rat bites the kobold.
You hit the rat but do no damage. The kobold closely misses you.
The rat closely misses you.
Your rat barely misses the kobold.
Your rat closely misses the rat.
Your rat closely misses the kobold.
You hit the rat but do no damage. The kobold hits you.
* * * LOW HITPOINT WARNING * * *
The rat bites you.
You die...

#.###..##........##.#
.. #...###..##.# ..
#.### #..##.# #.#
#.....# ### ##.####
#.# # #.# ##.#.#
#..r@# +....rKr#
####..r.# ##.#.#
###.# #.# #># #.#


You could see a kobold, a rat and 3 friendly rats.

Vanquished Creatures
  A rat (D:1)
1 creature vanquished.

Vanquished Creatures (collateral kills)
  A goblin (D:1)
  A bat (D:1)
2 creatures vanquished.

Grand Total: 3 creatures vanquished

Notes
Turn   | Place    | Note
-------+----------+-------------------------------------------
     0 | D:1      | MalarOregon the Merfolk Summoner began the quest for the
                  | Orb.
     0 | D:1      | Reached XP level 1. HP: 13/13 MP: 3/3
    77 | D:1      | Slain by a rat

Action                   || total
-------------------------++-------
Melee: Unarmed           ||    13
 Cast: Summon Small Mamm ||     5
 Stab: Sleeping          ||     1
Armor: Robe              ||     3
Dodge: Dodged            ||    22
